 Dungeon Crawl Stone Soup version 0.25.1-9-gc5326a611f (webtiles) character file.

Game seed: 7153751028817902375

23542 H0rd4k the Eclecticist (level 12, -26/59 HPs)
             Began as a Deep Elf Wizard on Jan 4, 2021.
             Was an Initiate of Gozag.
             Killed from afar by a lindwurm (30 damage)
             ... with a blast of flame
             ... on level 5 of the Lair of Beasts.
             The game lasted 01:01:24 (29204 turns).

H0rd4k the Eclecticist (Deep Elf Wizard)           Turns: 29204, Time: 01:01:31

Health: -26/59     AC:  9    Str:  6    XL:     12   Next: 72%
Magic:  0/35       EV: 16    Int: 31    God:    Gozag
Gold:   484        SH:  0    Dex: 13    Spells: 36/45 levels left

rFire    . . .     SeeInvis +   C - staff of poison
rCold    . . .     Gourm    .   (no shield)
rNeg     . . .     Faith    .   I - +2 robe {MR+}
rPois    +         Spirit   +   b - +0 hat
rElec    .         Reflect  .   g - +1 cloak
rCorr    .         Harm     .   u - +2 pair of gloves
MR       +++..                  (no boots)
Stlth    +++.......             M - amulet of Wais {Spirit *Drain Int+2 SInv}
HPRegen  0.19/turn              L - ring of poison resistance
MPRegen  0.24/turn              (no ring)

@: gold aura, very slightly contaminated
A: antennae 1, magic resistance 1, strong 1, wild magic 1
a: Potion Petition, Call Merchant, Bribe Branch, Renounce Religion


You were on level 5 of the Lair of Beasts.
You worshipped Gozag.
Gozag was aware of your devotion.
You were hungry.

You visited 3 branches of the dungeon, and saw 16 of its levels.

You collected 2648 gold pieces.
You spent 788 gold pieces at shops.
You paid 1376 gold pieces to Gozag.

Inventory:

Hand Weapons
 x - a +1 dagger of venom
Missiles
 y - 22 poisoned darts (quivered)
 G - 5 atropa-tipped darts
 R - 4 curare-tipped darts
Armour
 b - a +0 hat (worn)
 g - a +1 cloak (worn)
 u - a +2 pair of gloves (worn)
 I - a +2 robe of magic resistance (worn)
Magical Staves
 C - an uncursed staff of poison (weapon)
 E - an uncursed staff of cold
Jewellery
 K - an uncursed ring of positive energy
 L - a ring of poison resistance (left hand)
 M - the amulet of Wais (around neck) {Spirit *Drain Int+2 SInv}
   (You bought it in a shop on level 8 of the Dungeon)

   [amulet of guardian spirit]

   It causes incoming damage to be split between your health and magic.
   It affects your intelligence (+2).
   It lets you see invisible.
   It causes draining when unequipped.
 O - a +6 ring of strength {unknown}
 P - an uncursed ring of see invisible {unknown}
 Q - an uncursed ring of fire {unknown}
 S - an uncursed ring of wizardry {unknown}
Wands
 r - a wand of paralysis (7)
 v - a wand of polymorph (16)
 A - a wand of digging (4)
 F - a wand of flame (34)
Scrolls
 a - 3 scrolls of enchant armour {unknown}
 e - 2 scrolls of enchant weapon {unknown}
 h - 6 scrolls of remove curse
 j - a scroll of random uselessness {unknown}
 k - 2 scrolls of immolation
 l - 2 scrolls of fear {unknown}
 m - 4 scrolls of blinking
 o - 7 scrolls of fog {unknown}
 p - 7 scrolls of teleportation
 q - a scroll of magic mapping {unknown}
 w - 5 scrolls of identify
 B - 3 scrolls of holy word {unknown}
 N - 2 scrolls of noise {unknown}
Potions
 c - a potion of degeneration
 f - a potion of magic
 i - a potion of might
 n - a potion of stabbing
 s - 3 potions of resistance
 t - 4 potions of haste
 z - 4 potions of curing
 D - a potion of heal wounds
 H - 3 potions of brilliance
Miscellaneous
 J - a lightning rod (2/4)
Comestibles
 d - 19 rations


   Skills:
 + Level 6.9 Dodging
 + Level 4.5 Stealth
 + Level 17.3 Spellcasting
 + Level 12.8 Conjurations
   Level 1.1 Summonings
 + Level 6.9 Translocations
 + Level 4.6 Fire Magic
 + Level 3.8 Air Magic
 + Level 4.0 Poison Magic
 + Level 1.9 Evocations


You had 36 spell levels left.
You knew the following spells:

 Your Spells              Type           Power        Failure   Level  Hunger
a - Magic Dart            Conj           ####         1%          1    None
b - Blink                 Tloc           N/A          1%          2    None
c - Conjure Flame         Conj/Fire      #######.     1%          3    None
d - Mephitic Cloud        Conj/Pois/Air  #######.     1%          3    None

Your spell library contained the following spells:

 Spells                   Type           Power        Failure   Level  Hunger
 Call Imp                 Summ           #####...     3%          2    None
 Slow                     Hex            ####....     4%          2    None


Dungeon Overview and Level Annotations

Branches:
Dungeon (10/15)            Temple (1/1) D:7            Lair (5/6) D:8
  Swamp (0/4) Lair:3       Spider (0/4) Lair:3        Slime (0/5) Lair:5
    Orc: D:9-12

Altars:
Ashenzari
Cheibriados
Dithmenos
Elyvilon
Fedhas
Gozag
Hepliaklqana
Kikubaaqudgha
Makhleb
Nemelex Xobeh
Okawaru
Qazlal
Ru
Sif Muna
Trog
Uskayaw
Vehumet
Wu Jian
Xom
Yredelemnul

Shops:
D:7 %?   D:8 *=:

Annotations:
D:1 exclusion: 2 downstairs
D:2 exclusion: 2 downstairs
D:3 exclusion: downstairs
D:5 exclusions: quasit and upstairs
D:6 exclusion: downstairs
D:9 3 runed translucent doors, exclusion: 3 doors, kthxbai's ghost, novice KoCj
D:10 exclusion: upstairs
Lair:2 exclusion: downstairs, Gastronok
Lair:3 exclusion: 2 downstairs
Lair:4 exclusion: 2 downstairs
Lair:5 exclusion: 2 dream sheep


Innate Abilities, Weirdness & Mutations

You have a pair of small antennae on your head.
You are resistant to hostile enchantments. (MR+)
Your muscles are strong. (Str +2)
Your spells are a little harder to cast, but a little more powerful.


Message History

The polar bear appears confused.
The dream sheep is engulfed in noxious fumes.
The polar bear bites you!!
You wake up.
* * * LOW HITPOINT WARNING * * *
The polar bear misses you. The polar bear closely misses you.
The dream sheep is engulfed in noxious fumes.
The polar bear is engulfed in noxious fumes.
The polar bear appears confused.
The polar bear bites the dream sheep!
The polar bear barely misses the dream sheep.
The polar bear claws the dream sheep.
The dream sheep is engulfed in noxious fumes.
Blink to where?
Press: ? - help, Dir - move target cursor, p - polar bear
As you read the scroll of blinking, it crumbles to dust.
A lindwurm comes into view.
The lindwurm breathes flames at you. The blast of flame hits you!!
Ouch! That really hurt!
You die...
Your body crumbles into a pile of gold.

###....## #......................
.....>..# ...................#P#.
..#....#..#..."PP.......#....####
#.......#.#.k.P.....<........##..
##..#.#...#.........PPP..........
##.##.##.#..........P≈P..........
.#.##.# #.........#.PPP..........
......F .........##.....#....#.#.
......#.........@................
..........P..................
.............................
.............................
.............................
.............P.......P.<.....
.........§h§##...............
.......§.YY○.#............##.
........h○☼§.#............P#.


You could see a lindwurm (catching breath), a polar bear (confused) and 2 dream
sheep.

Vanquished Creatures
  3 hydras
  3 death yaks (Lair:3)
  6 elephants
  A black mamba (D:8)
  Psyche (D:9)
  8 spiny frogs
  2 komodo dragons (Lair:4)
  4 polar bears
  A troll (D:8)
  A jumping spider (Lair:3)
  2 tyrant leeches (Lair:3)
  16 blink frogs
  3 hippogriffs
  10 yaks
  A basilisk (Lair:5)
  A swamp worm (Lair:3)
  9 porcupines
  4 water moccasins
  An ice beast (D:6)
  3 orc warriors
  2 sky beasts
  2 phantoms (D:6)
  A black bear (D:10)
  A necrophage (D:8)
  4 ogres
  3 wolves (D:8)
  5 crocodiles
  8 centaurs
  Blork the orc (D:4)
  A big kobold (D:7)
  6 bullfrogs
  A wyvern skeleton (D:10)
  4 scorpions
  2 water moccasin skeletons
  5 killer bees (D:8)
  6 electric eels
  3 crimson imps
  2 quasits
  7 hounds
  2 bullfrog zombies (D:5)
  5 orc priests
  14 jellies
  14 orc wizards
  A bullfrog skeleton (D:5)
  3 centaur skeletons
  3 iguanas
  Jessica (D:3)
  11 worker ants
  A hound zombie (D:8)
  A hound skeleton (D:8)
  Robin (D:4)
  3 gnolls (D:8)
  2 worker ant zombies
  25 adders
  A howler monkey skeleton (D:7)
  5 shadow imps
  3 oozes
  An adder zombie (D:7)
  3 worms (D:2)
  A dart slug (D:1)
  6 leopard geckos
  42 orcs
  8 bats
  12 giant cockroaches
  10 hobgoblins
  8 jackals
  14 kobolds
  3 quokkas
  7 frilled lizards
  15 goblins
  A leopard gecko skeleton (D:6)
  2 quokka zombies
  8 rats
381 creatures vanquished.

Vanquished Creatures (collateral kills)
  A black bear (D:8)
1 creature vanquished.

Vanquished Creatures (others)
  An ooze (Lair:5)
  17 fungi
  23 plants
41 creatures vanquished.

Grand Total: 423 creatures vanquished

Notes
Turn   | Place    | Note
-------+----------+-------------------------------------------
     0 | D:1      | H0rd4k the Deep Elf Wizard began the quest for the Orb.
     0 | D:1      | Reached XP level 1. HP: 10/10 MP: 7/7
   317 | D:1      | Reached skill level 5 in Spellcasting
   374 | D:1      | Reached XP level 2. HP: 15/15 MP: 8/10
  1270 | D:2      | Found a sacrificial altar of Ru.
  1653 | D:2      | Reached XP level 3. HP: 19/19 MP: 2/12
  1659 | D:2      | Learned a level 2 spell: Blink
  1663 | D:2      | Learned a level 3 spell: Conjure Flame
  1667 | D:2      | Learned a level 3 spell: Mephitic Cloud
  2413 | D:2      | Reached XP level 4. HP: 24/24 MP: 8/13
  2600 | D:2      | Reached skill level 1 in Air Magic
  2678 | D:2      | Found a sparkling altar of Nemelex Xobeh.
  2804 | D:2      | Reached skill level 1 in Fire Magic
  2907 | D:2      | Reached skill level 6 in Spellcasting
  3357 | D:3      | Reached skill level 1 in Poison Magic
  3898 | D:3      | Reached XP level 5. HP: 28/28 MP: 10/15
  4011 | D:3      | Gained mutation: You are resistant to hostile enchantments.
                  | (MR+) [potion of mutation]
  4011 | D:3      | Gained mutation: You have a pair of small antennae on your
                  | head. [potion of mutation]
  4011 | D:3      | Gained mutation: Your spells are a little harder to cast,
                  | but a little more powerful. [potion of mutation]
  4011 | D:3      | Gained mutation: Your muscles are strong. (Str +2) [potion
                  | of mutation]
  4721 | D:3      | Reached skill level 7 in Spellcasting
  4839 | D:3      | Reached XP level 6. HP: 32/32 MP: 15/18
  4926 | D:3      | Noticed Jessica
  4930 | D:3      | Killed Jessica
  5603 | D:4      | Noticed Blork the orc
  5610 | D:4      | Noticed Robin
  5624 | D:4      | Killed Blork the orc
  5702 | D:5      | Entered Level 5 of the Dungeon
  5876 | D:5      | Reached skill level 8 in Spellcasting
  5876 | D:5      | Reached XP level 7. HP: 36/36 MP: 8/20
  6357 | D:5      | Found a bloodstained altar of Trog.
  6362 | D:5      | Reached skill level 5 in Conjurations
  7897 | D:4      | Reached skill level 9 in Spellcasting
  7897 | D:4      | Reached XP level 8. HP: 27/41 MP: 13/23
  8118 | D:4      | Found a shadowy altar of Dithmenos.
  8130 | D:4      | Killed Robin
  8323 | D:4      | Found a shimmering altar of Xom.
  9136 | D:6      | Reached skill level 10 in Spellcasting
 10033 | D:6      | Reached XP level 9. HP: 34/45 MP: 13/25
 10143 | D:7      | Found Jidukh's Food Shop.
 10313 | D:7      | Reached skill level 11 in Spellcasting
 10995 | D:7      | Found a staircase to the Ecumenical Temple.
 11316 | D:7      | Found Inlary's Magic Scroll Boutique.
 11329 | D:7      | Bought a scroll of teleportation for 42 gold pieces
 11329 | D:7      | Bought a scroll of teleportation for 42 gold pieces
 11329 | D:7      | Bought a scroll of identify for 28 gold pieces
 11831 | D:6      | Reached skill level 5 in Dodging
 12059 | D:6      | Reached skill level 12 in Spellcasting
 12309 | Temple   | Entered the Ecumenical Temple
 12433 | Temple   | Became a worshipper of Gozag Ym Sagoz the Greedy
 13281 | D:8      | Noticed a troll
 13835 | D:8      | Reached XP level 10. HP: 50/50 MP: 19/28
 14003 | D:8      | Reached skill level 13 in Spellcasting
 14269 | D:8      | Found a staircase to the Lair.
 14673 | D:8      | Found Fefem's General Store.
 14891 | D:9      | Found a runed translucent gate.
 14891 | D:9      | Found a runed translucent gate.
 14892 | D:9      | Found a runed translucent gate.
 14894 | D:9      | Noticed kthxbai's ghost (novice KoCj)
 14925 | D:9      | Got a sapphire long sword
 14926 | D:9      | Identified the cursed +1 long sword of Ereimisu {flame,
                  | rElec rN+ MP+9 Int-3} (You found it on level 9 of the
                  | Dungeon)
 14976 | D:9      | Noticed Psyche
 14996 | D:10     | Entered Level 10 of the Dungeon
 15584 | D:10     | Found a sparkling altar of Nemelex Xobeh.
 15957 | D:9      | Killed Psyche
 16102 | D:9      | Reached skill level 1 in Evocations
 16639 | D:9      | Found a hide-covered altar of Uskayaw.
 18360 | Lair:1   | Entered Level 1 of the Lair of Beasts
 18360 | Lair:1   | Noticed a black mamba
 18376 | D:8      | Killed a black mamba
 18376 | D:8      | Reached skill level 14 in Spellcasting
 18376 | D:8      | Reached skill level 10 in Conjurations
 18871 | Lair:1   | Noticed a spiny frog
 18891 | Lair:1   | Noticed a spiny frog
 18905 | Lair:1   | Killed a spiny frog
 19250 | Lair:1   | Reached XP level 11. HP: 35/54 MP: 13/31
 19439 | D:8      | Bought the amulet of Wais {Spirit *Drain Int+2 SInv} for
                  | 676 gold pieces
 21055 | Lair:2   | Noticed Gastronok
 21123 | Lair:3   | Noticed an eight-headed hydra
 21373 | Lair:2   | Reached skill level 15 in Spellcasting
 21490 | Lair:2   | Noticed a five-headed hydra
 21506 | Lair:2   | Killed a five-headed hydra
 21949 | Lair:3   | Found a staircase to the Swamp.
 22732 | Lair:3   | Reached skill level 5 in Translocations
 22930 | Lair:3   | Killed an eight-headed hydra
 23300 | Lair:3   | Found a hole to the Spider Nest.
 23303 | Lair:3   | Noticed a death yak
 23303 | Lair:3   | Noticed a death yak
 23306 | Lair:3   | Noticed a death yak
 23309 | Lair:3   | Noticed a death yak
 23331 | Lair:3   | Killed a death yak
 23879 | Lair:3   | Reached skill level 16 in Spellcasting
 24215 | Lair:3   | Killed a death yak
 24215 | Lair:3   | Reached XP level 12. HP: 44/59 MP: 17/34
 24220 | Lair:3   | Killed a death yak
 25741 | Lair:4   | Noticed a four-headed hydra
 26771 | Lair:4   | Killed a four-headed hydra
 27720 | Lair:5   | Reached skill level 17 in Spellcasting
 28024 | Lair:5   | Found a staircase to the Slime Pits.
 28859 | Lair:5   | Noticed a five-headed hydra
 29204 | Lair:5   | Killed from afar by a lindwurm

Illustrated notes

Levels and vault maps discovered:
D:1:      dpeg_arrival_concentric_ovals, layout_loops_ring
D:2:      minmay_razor_zed, layout_basic, nicolae_ru_awakened_eye,
          nemelex_spade_bored_becter
D:3:      wad_river_or_something, layout_basic, uniq_jessica
D:4:      layout_loops_cross, nicolae_dithmenos_shadow_blocks, tgw_xom,
          uniq_blork_the_orc, uniq_robin
D:5:      cheibrodos_quashed, layout_loops_corners, first_ration,
          kennysheep_minor_cross, minmay_ruined_shrine
D:6:      nicolae_whirlpool, layout_cave_pools, minmay_diced_spiral
D:7:      layout_cave_pods, minmay_temple_entry_poolview, serial_shops, shop,
          shop
D:8:      layout_loops_ring, erik_lair_island, serial_shops,
          kennysheep_mini_moat
D:9:      layout_cave_pools, eat_drink_and_be_merry_uskayaw,
          gammafunk_ghost_spectres, grunt_ogre_cave, minivault_14, uniq_psyche
D:10:     layout_irregular_city, nemelex_diamond_rough_becter
Temple:   hc_temple_tempest_star
Lair:1:   layout_cave_pods
Lair:2:   layout_roguey, serial_bayou_pond_d, uniq_gastronok
Lair:3:   layout_cave_pods, minmay_swamp_entry_worms, spider_nest_entry_rubble
Lair:4:   layout_small_grid, grunt_megastairs_2
Lair:5:   layout_gridlike, minmay_slime_entry_jelly_boxes,
          cheibrodos_lair_lostbears

Skill      XL: |  1  2  3  4  5  6  7  8  9 10 11 12 |
---------------+-------------------------------------+-----
Spellcasting   | 5 6 7 8 9 10 12 14 16 17 | 17.3
Air Magic      | 1 2 3 |  3.8
Fire Magic     | 1 2 3 4 |  4.6
Poison Magic   | 1 2 3 4 |  4.0
Conjurations   | 2 3 4 6 7 8 10 11 12 | 12.8
Dodging        | 3 4 5 6 |  6.9
Stealth        | 3 4 |  4.5
Translocations | 2 3 5 6 |  6.9
Evocations     | 1 |  1.9
Summonings     | |  1.1

Action                   |  1- 3 |  4- 6 |  7- 9 | 10-12 || total
-------------------------+-------+-------+-------+-------++-------
Melee: Unarmed           |       |    11 |       |       ||    11
       Staff             |       |       |       |     5 ||     5
 Cast: Magic Dart        |   118 |   170 |   559 |   710 ||  1557
       Conjure Flame     |       |    10 |    26 |   102 ||   138
       Blink             |       |     5 |    19 |    76 ||   100
       Mephitic Cloud    |       |     3 |    22 |    51 ||    76
Invok: Call Merchant     |       |       |       |     2 ||     2
Evoke: Wand              |       |       |       |    13 ||    13
       Lightning rod     |       |       |       |     5 ||     5
  Use: Potion            |     2 |     4 |     1 |     2 ||     9
       Scroll            |       |       |     3 |    11 ||    14
  Eat: Chunk             |     4 |    11 |    18 |       ||    33
       Ration            |       |       |     2 |    13 ||    15
Armor: Robe              |     3 |    14 |    25 |    83 ||   125
       Skin              |       |     7 |       |       ||     7
Dodge: Dodged            |    22 |    41 |   101 |   283 ||   447
